cohdb
Replays
Latest Replays
All Replays
Popular Replays
Top Player Replays
Match Explorer
How It Works
Community
CoH3 Stats
Reddit
Sign in to upload your games and track your stats! →
Sign in with Steam
Match 41538278
Unlisted
Match 41538278
Overview
Messages
Build Orders
End
Construct Section Command Post
Vickers Machine Gun Team
Selects Canadian Shock Battlegroup
Royal Engineer Section
Royal Engineer Section
Selects Offensive Resupply
Selects Attacking Spirit
Selects Canadian Shock Section
Canadian Shock Section
Construct Platoon Command Post
Canadian Shock Section
Selects Burnout
Selects Incendiary Munitions
Construct Company Command Post
Unlock M3 Grant Medium Tanks
Selects Pyrotechnics
M3 Grant Medium Tank
Royal Engineer Section
M3 Grant Medium Tank
Selects Point Assault
M3 Grant Medium Tank
WHO IS YOUR DADDY?
Arthyom
Batemanis
Zaadschieter
For The Children™
Ben Shapiro raped me with facts
StoryCoffee
딱대
0
0
Comments
sign in to comment!
No comments posted yet!